Stars vs Blues

Created - 30 octobre 2017 at 18:33

Goals
1 2 3 OT1 T
Stars 1 0 0 1 2
Blues 1 0 0 0 1
Shots
1 2 3 OT1 T
Stars 10 8 14 2 34
Blues 10 14 13 1 38

1st period

1. Stars , Rick Nash 2 (Joe Thornton 8, Alexander Radulov 4) at 13:39
2. Blues , Melker Karlsson 2 (Rene Bourque 5, Clarke MacArthur 5) at 15:57

Penalties :
Rene Bourque (STL) for Hooking (Minor) at 16:29

2nd period

No Goal

Penalties :
No Penalty

3rd period

No Goal

Penalties :
Jordan Szwarz (STL) for Boarding (Minor) at 2:31, Joe Thornton (DAL) for Roughing (Minor) at 2:49, Cody Eakin (STL) for Roughing (Minor) at 6:28, Richard Panik (DAL) for Hooking (Minor) at 10:25

Overtime #1

3. Stars , Rick Nash 3 (Henrik Sedin 5) at 0:49

Penalties :
No Penalty

Goalie Stats

Jimmy Howard (DAL), 37 saves from 38 shots - (0,974), W, 4-2-1, 60:49 minutes
Kari Lehtonen (STL), 32 saves from 34 shots - (0,941), OTL, 3-2-1, 60:49 minutes

Players Stats for Stars

Player Name              G  A  P  +/- PIM S  H  SB GA TA FO     MP     PP MP  PK MP  
------------------------------------------------------------------------------------
Adam Pelech              0  0  0   0  0   0  0  2  0  0  0/0    12:50   0:00   0:00 
Alexander Radulov        0  1  1   1  0   4  2  2  0  1  3/4    19:53   2:29   0:36 
Brian Gionta             0  0  0   0  0   2  2  0  0  2  1/3    17:14   1:47   0:19 
Bryan Rust               0  0  0   0  0   2  0  0  1  0  0/0     7:34   0:00   0:00 
Craig Cunningham         0  0  0   0  0   0  0  0  0  0  1/1     1:27   0:00   0:18 
Greg Pateryn             0  0  0  -1  0   0  1  2  0  0  0/0    19:51   1:41   1:03 
Henrik Sedin             0  1  1   1  0   3  2  0  0  0  4/15   18:24   1:47   0:36 
J.T. Compher             0  0  0   0  0   1  1  0  0  0  0/3     7:30   0:00   0:00 
Jay Beagle               0  0  0  -1  0   4  1  0  0  0  1/7    12:10   0:00   0:00 
Jiri Hudler              0  0  0   0  0   0  0  0  0  0  1/3     2:19   0:09   0:18 
Joe Thornton             0  1  1   1  2   2  2  0  0  0  8/26   20:06   2:28   1:04 
John Klingberg           0  0  0   1  0   3  3  3  0  1  0/0    27:46   2:35   1:14 
Lee Stempniak            0  0  0  -1  0   3  0  0  0  0  0/0    12:57   0:00   0:19 
Mikko Rantanen           0  0  0   0  0   2  4  0  1  1  0/0    16:55   1:47   0:00 
Patrick Wiercioch        0  0  0  -1  0   2  1  1  0  0  0/0    19:51   1:41   1:03 
Richard Panik            0  0  0  -1  2   1  3  0  0  0  0/1    12:49   0:00   0:00 
Rick Nash                2  0  2   2  0   4  1  2  5  1  0/1    20:50   2:20   1:04 
Rob Scuderi              0  0  0   0  0   0  3  0  0  0  0/0    12:54   0:00   0:00 
Scottie Upshall          0  0  0   0  0   1  1  1  0  0  0/1     7:30   0:00   0:00 
Stephen Johns            0  0  0   2  0   0  3  0  0  0  0/0    27:37   2:35   1:14 

Players Stats for Blues

Player Name              G  A  P  +/- PIM S  H  SB GA TA FO     MP     PP MP  PK MP  
------------------------------------------------------------------------------------
Brenden Dillon           0  0  0   0  0   0  3  1  0  0  0/0    18:43   1:17   1:32 
Cam Atkinson             0  0  0  -1  0   10 0  2  1  0  1/2    22:43   1:07   2:23 
Clarke MacArthur         0  1  1   0  0   2  2  0  0  0  0/0    16:29   1:10   1:10 
Cody Eakin               0  0  0  -1  2   3  1  1  0  0  0/0    20:18   1:25   0:30 
Dan Girardi              0  0  0   0  0   2  0  4  0  0  0/0    19:25   1:17   1:32 
David Schlemko           0  0  0  -1  0   0  0  0  0  1  0/0    12:34   0:00   0:00 
Dominik Simon            0  0  0   0  0   0  0  0  0  0  0/0     0:22   0:00   0:00 
Gabriel Dumont           0  0  0   0  0   0  0  0  0  0  4/4     7:28   0:00   0:00 
Jamie McGinn             0  0  0   0  0   3  1  0  1  0  0/0    13:11   0:00   0:00 
Jordan Oesterle          0  0  0  -1  0   0  1  0  0  1  0/0    12:34   0:00   0:00 
Jordan Schroeder         0  0  0   0  0   5  0  0  0  0  0/0     7:28   0:00   0:00 
Jordan Szwarz            0  0  0   0  2   3  0  0  0  1  1/1    13:10   0:18   0:00 
Kevin Porter             0  0  0   0  0   0  4  1  1  0  4/6    14:36   0:00   1:10 
Melker Karlsson          1  0  1   0  0   2  0  0  0  0  4/11   15:23   0:52   0:56 
Mike Green               0  0  0   1  0   3  0  2  0  2  0/0    28:18   1:00   2:44 
Nate Thompson            0  0  0   0  0   0  0  0  0  0  0/0     7:28   0:00   0:00 
Rene Bourque             0  1  1   0  2   0  5  2  0  0  1/1    14:11   0:52   0:00 
Scott Mayfield           0  0  0   0  0   0  0  1  0  1  0/0     3:46   0:00   0:00 
Steven Stamkos           0  0  0   0  0   2  2  1  1  0  31/40  22:51   1:07   2:23 
Trevor Daley             0  0  0   0  0   3  2  2  2  1  0/0    25:29   1:00   2:44 

3 Stars

1 - Jimmy Howard (DAL)
2 - Rick Nash (DAL)
3 - Kari Lehtonen (STL)

Power Play

Stars - 0 on 3 Attempt(s) - 0,00%
Blues - 0 on 2 Attempt(s) - 0,00%

Penalty Kill

Stars - 2 on 2 Attempt(s) - 100,00% - Score 0 goal in Penalty Kill
Blues - 3 on 3 Attempt(s) - 100,00% - Score 0 goal in Penalty Kill

Team Stat

Stars - Hits : 30 - Faceoff Wins : 19 - Blocked Shots : 13 - Penalty Minutes : 4
Blues - Hits : 21 - Faceoff Wins : 46 - Blocked Shots : 17 - Penalty Minutes : 6

Official

Referees : Jon Mclsaac and Ian Walsh
Linesman : Shane Heyer and Steve Barton

Game Notes

No Game Note

Finance

Level 1 -- Attendance: 6000 (100,00%) -- Ticket Income 600 000 $
Level 2 -- Attendance: 4542 (90,84%) -- Ticket Income 272 520 $
Level 3 -- Attendance: 1563 (78,15%) -- Ticket Income 62 520 $
Level 4 -- Attendance: 2572 (64,30%) -- Ticket Income 77 160 $
Luxury Box -- Attendance: 820 (82,00%) -- Ticket Income 164 000 $
Game was played at the St.Louis Garden.
Total Attendance: 15497 (86,09%)
Total Ticket Income: 1 176 200 $
Other Income: 576 338 $
Total Income: 1 752 538 $

Stars

5 vs 5 Forward 
   Center                   Left Wing                Right Wing               Time % Phy DF OF 
 1 Joe Thornton             Rick Nash                Alexander Radulov        40     1   2  2  
 2 Henrik Sedin             Brian Gionta             Mikko Rantanen           30     1   2  2  
 3 Jay Beagle               Richard Panik            Lee Stempniak            20     1   2  2  
 4 J.T. Compher             Scottie Upshall          Bryan Rust               10     1   2  2  

5 vs 5 Defense 
   Defense                  Defense                                           Time % Phy DF OF 
 1 John Klingberg           Stephen Johns                                     40     1   2  2  
 2 Patrick Wiercioch        Greg Pateryn                                      30     1   2  2  
 3 Adam Pelech              Rob Scuderi                                       20     1   2  2  
 4 John Klingberg           Stephen Johns                                     10     1   2  2  

PowerPlay Forward 
   Center                   Left Wing                Right Wing               Time % Phy DF OF 
 1 Joe Thornton             Rick Nash                Alexander Radulov        60     1   2  2  
 2 Henrik Sedin             Brian Gionta             Mikko Rantanen           40     1   2  2  

PowerPlay Defense
   Defense                  Defense                                           Time % Phy DF OF 
 1 John Klingberg           Stephen Johns                                     60     1   2  2  
 2 Patrick Wiercioch        Greg Pateryn                                      40     1   2  2  

Penalty Kill 4 Players Forward 
   Center                   Wing                     Time % Phy DF OF 
 1 Joe Thornton             Rick Nash                60     1   2  2  
 2 Alexander Radulov        Henrik Sedin             40     1   2  2  

Penalty Kill 4 Players Defense
   Defense                  Defense                  Time % Phy DF OF 
 1 John Klingberg           Stephen Johns            60     1   2  2  
 2 Patrick Wiercioch        Greg Pateryn             40     1   2  2  

Penalty Kill - 3 Players Forward 
   Forward                                           Time % Phy DF OF 
 1 Joe Thornton                                      60     1   2  2  
 2 Rick Nash                                         40     1   2  2  

Penalty Kill - 3 Players Defense
   Defense                  Defense                  Time % Phy DF OF 
 1 John Klingberg           Stephen Johns            60     1   2  2  
 2 Patrick Wiercioch        Greg Pateryn             40     1   2  2  

4 vs 4 Forward 
   Center                   Wing                     Time % Phy DF OF 
 1 Joe Thornton             Rick Nash                60     1   2  2  
 2 Alexander Radulov        Henrik Sedin             40     1   2  2  

4 vs 4 Defense
   Defense                  Defense                  Time % Phy DF OF 
 1 John Klingberg           Stephen Johns            60     1   2  2  
 2 Patrick Wiercioch        Greg Pateryn             40     1   2  2  

Last Minutes Offensive
   Center                   Left Wing                Right Wing               Defense                  Defense                  
   Joe Thornton             Rick Nash                Alexander Radulov        John Klingberg           Stephen Johns            

Last Minutes Defensive
   Center                   Left Wing                Right Wing               Defense                  Defense                  
   Joe Thornton             Rick Nash                Alexander Radulov        John Klingberg           Stephen Johns            

Goaltenders
Starting : Jimmy Howard             
Backup : Jhonas Enroth            

Extra Forwards
Normal : Jiri Hudler, Craig Cunningham, Lee Stempniak - PP : Jiri Hudler, Craig Cunningham - PK : Lee Stempniak
Extra Defensemen
Normal : Adam Pelech, Rob Scuderi, Patrick Wiercioch - PP : Adam Pelech - PK : Rob Scuderi, Patrick Wiercioch
Penalty Shots
Joe Thornton, Rick Nash, Alexander Radulov, Henrik Sedin, Brian Gionta
Custom OT Lines Forwards
Joe Thornton, Rick Nash, Alexander Radulov, Henrik Sedin, Brian Gionta, Mikko Rantanen, Lee Stempniak, Jay Beagle, Richard Panik, Scottie Upshall
Custom OT Lines Defensemen
John Klingberg, Stephen Johns, Patrick Wiercioch, Greg Pateryn, Adam Pelech

Scratches
Daniel Winnik (Right Leg Injury)

Blues

5 vs 5 Forward 
   Center                   Left Wing                Right Wing               Time % Phy DF OF 
 1 Steven Stamkos           Cam Atkinson             Cody Eakin               40     1   2  2  
 2 Melker Karlsson          Clarke MacArthur         Rene Bourque             30     1   2  2  
 3 Kevin Porter             Jamie McGinn             Jordan Szwarz            20     1   2  2  
 4 Gabriel Dumont           Nate Thompson            Jordan Schroeder         10     1   2  2  

5 vs 5 Defense 
   Defense                  Defense                                           Time % Phy DF OF 
 1 Mike Green               Trevor Daley                                      40     1   2  2  
 2 Dan Girardi              Brenden Dillon                                    30     1   2  2  
 3 David Schlemko           Jordan Oesterle                                   20     1   2  2  
 4 Scott Mayfield           Mike Green                                        10     1   2  2  

PowerPlay Forward 
   Center                   Left Wing                Right Wing               Time % Phy DF OF 
 1 Steven Stamkos           Cam Atkinson             Cody Eakin               60     1   2  2  
 2 Melker Karlsson          Clarke MacArthur         Rene Bourque             40     1   2  2  

PowerPlay Defense
   Defense                  Defense                                           Time % Phy DF OF 
 1 Mike Green               Trevor Daley                                      60     1   2  2  
 2 Dan Girardi              Brenden Dillon                                    40     1   2  2  

Penalty Kill 4 Players Forward 
   Center                   Wing                     Time % Phy DF OF 
 1 Steven Stamkos           Cam Atkinson             60     1   2  2  
 2 Clarke MacArthur         Cody Eakin               40     1   2  2  

Penalty Kill 4 Players Defense
   Defense                  Defense                  Time % Phy DF OF 
 1 Mike Green               Trevor Daley             60     1   2  2  
 2 Dan Girardi              Brenden Dillon           40     1   2  2  

Penalty Kill - 3 Players Forward 
   Forward                                           Time % Phy DF OF 
 1 Steven Stamkos                                    60     1   2  2  
 2 Cam Atkinson                                      40     1   2  2  

Penalty Kill - 3 Players Defense
   Defense                  Defense                  Time % Phy DF OF 
 1 Mike Green               Trevor Daley             60     1   2  2  
 2 Dan Girardi              Brenden Dillon           40     1   2  2  

4 vs 4 Forward 
   Center                   Wing                     Time % Phy DF OF 
 1 Steven Stamkos           Cam Atkinson             60     1   2  2  
 2 Clarke MacArthur         Cody Eakin               40     1   2  2  

4 vs 4 Defense
   Defense                  Defense                  Time % Phy DF OF 
 1 Mike Green               Trevor Daley             60     1   2  2  
 2 Dan Girardi              Brenden Dillon           40     1   2  2  

Last Minutes Offensive
   Center                   Left Wing                Right Wing               Defense                  Defense                  
   Steven Stamkos           Cam Atkinson             Cody Eakin               Mike Green               Trevor Daley             

Last Minutes Defensive
   Center                   Left Wing                Right Wing               Defense                  Defense                  
   Steven Stamkos           Cam Atkinson             Cody Eakin               Mike Green               Trevor Daley             

Goaltenders
Starting : Kari Lehtonen            
Backup : Calvin Pickard           

Extra Forwards
Normal : Dominik Simon, Jamie McGinn, Kevin Porter - PP : Dominik Simon, Jamie McGinn - PK : Kevin Porter
Extra Defensemen
Normal : David Schlemko, Jordan Oesterle, Scott Mayfield - PP : David Schlemko - PK : Jordan Oesterle, Scott Mayfield
Penalty Shots
Steven Stamkos, Cam Atkinson, Clarke MacArthur, Cody Eakin, Melker Karlsson
Custom OT Lines Forwards
Steven Stamkos, Cam Atkinson, Clarke MacArthur, Cody Eakin, Melker Karlsson, Rene Bourque, Jamie McGinn, Kevin Porter, Jordan Szwarz, Gabriel Dumont
Custom OT Lines Defensemen
Mike Green, Trevor Daley, Dan Girardi, Brenden Dillon, David Schlemko

Scratches
*salaire blues* (Suspend)

% Time on Ice - Stars

Lines # - Real PCT - Wanted PCT - Time Play
Normal Forward
1 - 31% - 40% - 15:58
2 - 31% - 30% - 16:08
3 - 24% - 20% - 12:10
4 - 14% - 10% - 7:30
Normal Defense
1 - 34% - 40% - 17:38
2 - 33% - 30% - 17:15
3 - 24% - 20% - 12:28
4 - 9% - 10% - 4:25
PP Forward
1 - 58% - 60% - 2:29
2 - 42% - 40% - 1:47
PP Defense
1 - 61% - 60% - 2:35
2 - 39% - 40% - 1:41
PK Forward
1 - 74% - 60% - 1:41
2 - 26% - 40% - 0:36
PK Defense
1 - 54% - 60% - 1:14
2 - 46% - 40% - 1:03
PK3 Forward
1 - 0% - 60%
2 - 0% - 40%
PK3 Defense
1 - 0% - 60%
2 - 0% - 40%
44 Forward
1 - 100% - 60% - 1:41
2 - 0% - 40% - 0:00
44 Defense
1 - 82% - 60% - 1:23
2 - 18% - 40% - 0:18
Last Minute Offensive  - 0:00
Last Minute Defensive  - 0:00
Total
Forward - 60:00
Defense - 60:00

% Time on Ice - Blues

Lines # - Real PCT - Wanted PCT - Time Play
Normal Forward
1 - 35% - 40% - 18:15
2 - 26% - 30% - 13:19
3 - 25% - 20% - 12:44
4 - 14% - 10% - 7:28
Normal Defense
1 - 39% - 40% - 20:14
2 - 30% - 30% - 15:26
3 - 24% - 20% - 12:20
4 - 7% - 10% - 3:46
PP Forward
1 - 49% - 60% - 1:07
2 - 51% - 40% - 1:10
PP Defense
1 - 44% - 60% - 1:00
2 - 56% - 40% - 1:17
PK Forward
1 - 73% - 60% - 3:06
2 - 27% - 40% - 1:10
PK Defense
1 - 64% - 60% - 2:44
2 - 36% - 40% - 1:32
PK3 Forward
1 - 0% - 60%
2 - 0% - 40%
PK3 Defense
1 - 0% - 60%
2 - 0% - 40%
44 Forward
1 - 75% - 60% - 1:16
2 - 25% - 40% - 0:25
44 Defense
1 - 72% - 60% - 1:13
2 - 28% - 40% - 0:28
Last Minute Offensive  - 0:00
Last Minute Defensive  - 0:00
Total
Forward - 60:00
Defense - 60:00

Play by Play

1st period


0:01 of 1st period - Steven Stamkos wins face-off versus Joe Thornton in neutral zone.
0:30 of 1st period - Rene Bourque is hit by Brian Gionta and loses puck.
0:52 of 1st period - Slapshot by J.T. Compher.
0:52 of 1st period - Shot Blocked by Dan Girardi.
1:12 of 1st period - Rob Scuderi is hit by Kevin Porter and loses puck.
1:54 of 1st period - Wrist shot by Henrik Sedin.
1:54 of 1st period - Shot Misses the Net.
1:56 of 1st period - Snap shot by Mikko Rantanen.
1:56 of 1st period - Shot Blocked by Mike Green.
3:11 of 1st period - Off-side.
3:12 of 1st period - Steven Stamkos wins face-off versus Jay Beagle in neutral zone.
3:17 of 1st period - Snap shot by Steven Stamkos.
3:17 of 1st period - Deflect By Cam Atkinson.
3:17 of 1st period - Shot Misses the Net.
3:17 of 1st period - Puck is out of play.
3:18 of 1st period - Steven Stamkos wins face-off versus Joe Thornton in Stars zone.
3:44 of 1st period - Slapshot by Melker Karlsson.
3:44 of 1st period - Shot Misses the Net.
3:46 of 1st period - Slapshot by Dan Girardi.
3:46 of 1st period - Shot Misses the Net.
3:48 of 1st period - Backhand shot by Dan Girardi.
3:48 of 1st period - Stopped by Jimmy Howard without a rebound.
3:49 of 1st period - Rene Bourque wins face-off versus Henrik Sedin in Stars zone.
3:50 of 1st period - Wrist shot by Clarke MacArthur.
3:50 of 1st period - Deflect By Stephen Johns.
3:50 of 1st period - Shot Misses the Net.
3:50 of 1st period - Puck is out of play.
3:51 of 1st period - Steven Stamkos wins face-off versus Brian Gionta in Stars zone.
3:54 of 1st period - Backhand shot by Cam Atkinson.
3:54 of 1st period - Stopped by Jimmy Howard with a rebound.
4:08 of 1st period - Snap shot by Henrik Sedin.
4:08 of 1st period - Shot Blocked by Cam Atkinson.
4:22 of 1st period - Slapshot by Lee Stempniak.
4:22 of 1st period - Shot Blocked by Mike Green.
5:16 of 1st period - Snap shot by Joe Thornton.
5:16 of 1st period - Stopped by Kari Lehtonen without a rebound.
5:17 of 1st period - Steven Stamkos wins face-off versus Brian Gionta in Blues zone.
5:22 of 1st period - Dan Girardi is hit by John Klingberg and loses puck.
6:05 of 1st period - Kevin Porter is hit by Scottie Upshall and loses puck.
6:29 of 1st period - Wrist shot by Rick Nash.
6:29 of 1st period - Deflect By Joe Thornton.
6:29 of 1st period - Stopped by Kari Lehtonen without a rebound.
6:30 of 1st period - Steven Stamkos wins face-off versus Joe Thornton in Blues zone.
7:01 of 1st period - Greg Pateryn is hit by Rene Bourque and loses puck.
7:16 of 1st period - Wrist shot by Jordan Szwarz.
7:16 of 1st period - Shot Misses the Net.
7:18 of 1st period - Slapshot by Trevor Daley.
7:18 of 1st period - Deflect By Jay Beagle.
7:18 of 1st period - Stopped by Jimmy Howard without a rebound.
7:19 of 1st period - Kevin Porter wins face-off versus Jay Beagle in Stars zone.
7:22 of 1st period - Snap shot by Jordan Szwarz.
7:22 of 1st period - Stopped by Jimmy Howard with a rebound.
7:32 of 1st period - Snap shot by Jamie McGinn.
7:32 of 1st period - Shot Hit the Post.
7:44 of 1st period - Richard Panik is hit by Rene Bourque and loses puck.
9:16 of 1st period - Wrist shot by Jordan Szwarz.
9:16 of 1st period - Stopped by Jimmy Howard with a rebound.
9:30 of 1st period - Wrist shot by Jamie McGinn.
9:30 of 1st period - Shot Misses the Net.
9:42 of 1st period - Snap shot by Alexander Radulov.
9:42 of 1st period - Stopped by Kari Lehtonen without a rebound.
9:43 of 1st period - Henrik Sedin wins face-off versus Steven Stamkos in Blues zone.
9:54 of 1st period - Snap shot by Mikko Rantanen.
9:54 of 1st period - Shot Blocked by Brenden Dillon.
9:56 of 1st period - Snap shot by Mikko Rantanen.
9:56 of 1st period - Stopped by Kari Lehtonen with a rebound.
9:58 of 1st period - Snap shot by Mikko Rantanen.
9:58 of 1st period - Stopped by Kari Lehtonen with a rebound.
10:10 of 1st period - Greg Pateryn is hit by Brenden Dillon and loses puck.
10:17 of 1st period - Snap shot by Rene Bourque.
10:17 of 1st period - Deflect By Clarke MacArthur.
10:17 of 1st period - Deflect By Patrick Wiercioch.
10:17 of 1st period - Shot Misses the Net.
10:17 of 1st period - Puck is out of play.
10:18 of 1st period - Melker Karlsson wins face-off versus Henrik Sedin in Stars zone.
10:19 of 1st period - Wrist shot by Clarke MacArthur.
10:19 of 1st period - Shot Misses the Net.
10:45 of 1st period - David Schlemko is hit by Rob Scuderi and loses puck.
12:40 of 1st period - Backhand shot by Mike Green.
12:40 of 1st period - Shot Blocked by Rick Nash.
13:01 of 1st period - Wrist shot by Cam Atkinson.
13:01 of 1st period - Deflect By Steven Stamkos.
13:01 of 1st period - Shot Misses the Net.
13:01 of 1st period - Puck is out of play.
13:02 of 1st period - Steven Stamkos wins face-off versus Henrik Sedin in Stars zone.
13:09 of 1st period - Slapshot by Cam Atkinson.
13:09 of 1st period - Deflect By Steven Stamkos.
13:09 of 1st period - Shot Misses the Net.
13:09 of 1st period - Puck is out of play.
13:10 of 1st period - Henrik Sedin wins face-off versus Steven Stamkos in Stars zone.
13:29 of 1st period - Snap shot by Brian Gionta.
13:29 of 1st period - Stopped by Kari Lehtonen without a rebound.
13:30 of 1st period - Joe Thornton wins face-off versus Melker Karlsson in Blues zone.
13:39 of 1st period - Wrist shot by Rick Nash.
13:39 of 1st period - Goal by Rick Nash - Stars : 1 - Blues : 0.
13:40 of 1st period - Steven Stamkos wins face-off versus Joe Thornton in neutral zone.
13:42 of 1st period - Off-side.
13:43 of 1st period - Joe Thornton wins face-off versus Steven Stamkos in neutral zone.
13:52 of 1st period - Backhand shot by Rick Nash.
13:52 of 1st period - Shot Blocked by Cody Eakin.
13:54 of 1st period - Slapshot by Stephen Johns.
13:54 of 1st period - Deflect By Alexander Radulov.
13:54 of 1st period - Stopped by Kari Lehtonen with a rebound.
13:56 of 1st period - Wrist shot by Rick Nash.
13:56 of 1st period - Shot Blocked by Steven Stamkos.
13:58 of 1st period - Slapshot by John Klingberg.
13:58 of 1st period - Stopped by Kari Lehtonen without a rebound.
13:59 of 1st period - Brian Gionta wins face-off versus Melker Karlsson in Blues zone.
14:06 of 1st period - Backhand shot by Mikko Rantanen.
14:06 of 1st period - Shot Blocked by Scott Mayfield.
14:43 of 1st period - Brenden Dillon is hit by Rick Nash and loses puck.
15:36 of 1st period - Wrist shot by Brian Gionta.
15:36 of 1st period - Shot Misses the Net.
15:53 of 1st period - Wrist shot by Melker Karlsson.
15:53 of 1st period - Stopped by Jimmy Howard with a rebound.
15:55 of 1st period - Slapshot by Rene Bourque.
15:55 of 1st period - Shot Blocked by Greg Pateryn.
15:57 of 1st period - Snap shot by Melker Karlsson.
15:57 of 1st period - Goal by Melker Karlsson - Stars : 1 - Blues : 1.
15:58 of 1st period - Steven Stamkos wins face-off versus Henrik Sedin in neutral zone.
16:23 of 1st period - Rene Bourque is hit by Richard Panik and loses puck.
16:29 of 1st period - Minor Penalty to Rene Bourque for Hooking.
16:30 of 1st period - Steven Stamkos wins face-off versus Joe Thornton in Blues zone.
16:38 of 1st period - Trevor Daley is hit by Joe Thornton and loses puck.
17:01 of 1st period - Trevor Daley is hit by Brian Gionta and loses puck.
18:29 of 1st period - Penalty to Rene Bourque is over, Rene Bourque is back on ice.
18:46 of 1st period - Snap shot by Jordan Schroeder.
18:46 of 1st period - Stopped by Jimmy Howard without a rebound.
18:47 of 1st period - Gabriel Dumont wins face-off versus Richard Panik in Stars zone.
18:48 of 1st period - Wrist shot by Jordan Schroeder.
18:48 of 1st period - Stopped by Jimmy Howard with a rebound.
19:12 of 1st period - Clarke MacArthur is hit by Rob Scuderi and loses puck.
19:21 of 1st period - Wrist shot by Bryan Rust.
19:21 of 1st period - Stopped by Kari Lehtonen with a rebound.
19:23 of 1st period - Wrist shot by J.T. Compher.
19:23 of 1st period - Shot Misses the Net.
19:33 of 1st period - Wrist shot by Cam Atkinson.
19:33 of 1st period - Stopped by Jimmy Howard with a rebound.
19:39 of 1st period - David Schlemko is hit by Mikko Rantanen and loses puck.
19:56 of 1st period - Rob Scuderi is hit by Jamie McGinn and loses puck.
Goals for this period are 1 for Stars vs 1 for Blues.
Shots for this period are 10 for Stars vs 10 for Blues.

2nd period


0:01 of 2nd period - Joe Thornton wins face-off versus Steven Stamkos in neutral zone.
0:14 of 2nd period - Trevor Daley is hit by John Klingberg and loses puck.
1:18 of 2nd period - Snap shot by Alexander Radulov.
1:18 of 2nd period - Deflect By Rick Nash.
1:18 of 2nd period - Shot Misses the Net.
1:18 of 2nd period - Puck is out of play.
1:19 of 2nd period - Henrik Sedin wins face-off versus Steven Stamkos in Blues zone.
1:20 of 2nd period - Slapshot by Mikko Rantanen.
1:20 of 2nd period - Deflect By Henrik Sedin.
1:20 of 2nd period - Stopped by Kari Lehtonen without a rebound.
1:21 of 2nd period - Steven Stamkos wins face-off versus Henrik Sedin in Blues zone.
1:34 of 2nd period - Steven Stamkos is hit by Mikko Rantanen and loses puck.
1:57 of 2nd period - Wrist shot by Alexander Radulov.
1:57 of 2nd period - Shot Blocked by Rene Bourque.
2:52 of 2nd period - Slapshot by John Klingberg.
2:52 of 2nd period - Deflect By Jordan Oesterle.
2:52 of 2nd period - Stopped by Kari Lehtonen without a rebound.
2:53 of 2nd period - Steven Stamkos wins face-off versus Henrik Sedin in Blues zone.
4:16 of 2nd period - Nate Thompson is hit by J.T. Compher and loses puck.
4:27 of 2nd period - Mike Green is hit by Stephen Johns and loses puck.
4:42 of 2nd period - Brenden Dillon is hit by Mikko Rantanen and loses puck.
4:53 of 2nd period - Dan Girardi is hit by Alexander Radulov.
5:01 of 2nd period - Alexander Radulov is hit by Steven Stamkos and loses puck.
6:03 of 2nd period - Dan Girardi is hit by Henrik Sedin and loses puck.
6:20 of 2nd period - Wrist shot by Clarke MacArthur.
6:20 of 2nd period - Stopped by Jimmy Howard with a rebound.
6:22 of 2nd period - Snap shot by Clarke MacArthur.
6:22 of 2nd period - Stopped by Jimmy Howard without a rebound.
6:23 of 2nd period - Joe Thornton wins face-off versus Kevin Porter in Stars zone.
6:28 of 2nd period - Backhand shot by Kevin Porter.
6:28 of 2nd period - Shot Misses the Net.
6:30 of 2nd period - Slapshot by Jordan Oesterle.
6:30 of 2nd period - Shot Misses the Net.
6:32 of 2nd period - Snap shot by Jordan Szwarz.
6:32 of 2nd period - Shot Misses the Net.
6:34 of 2nd period - Snap shot by Kevin Porter.
6:34 of 2nd period - Shot Misses the Net.
6:36 of 2nd period - Snap shot by Jordan Oesterle.
6:36 of 2nd period - Shot Misses the Net.
6:38 of 2nd period - Wrist shot by Kevin Porter.
6:38 of 2nd period - Shot Blocked by Alexander Radulov.
6:50 of 2nd period - David Schlemko is hit by Stephen Johns and loses puck.
7:51 of 2nd period - Snap shot by Jamie McGinn.
7:51 of 2nd period - Stopped by Jimmy Howard without a rebound.
7:52 of 2nd period - Jordan Szwarz wins face-off versus Joe Thornton in Stars zone.
8:33 of 2nd period - Icing by Richard Panik.
8:34 of 2nd period - Steven Stamkos wins face-off versus Jay Beagle in Stars zone.
8:35 of 2nd period - Wrist shot by Cam Atkinson.
8:35 of 2nd period - Shot Misses the Net.
8:56 of 2nd period - Snap shot by Lee Stempniak.
8:56 of 2nd period - Shot Misses the Net.
9:00 of 2nd period - Wrist shot by Jay Beagle.
9:00 of 2nd period - Stopped by Kari Lehtonen with a rebound.
9:02 of 2nd period - Snap shot by Jay Beagle.
9:02 of 2nd period - Stopped by Kari Lehtonen without a rebound.
9:03 of 2nd period - Joe Thornton wins face-off versus Melker Karlsson in Blues zone.
9:39 of 2nd period - Snap shot by Mikko Rantanen.
9:39 of 2nd period - Shot Misses the Net.
10:00 of 2nd period - Snap shot by Cam Atkinson.
10:00 of 2nd period - Stopped by Jimmy Howard without a rebound.
10:01 of 2nd period - Alexander Radulov wins face-off versus Melker Karlsson in Stars zone.
10:01 of 2nd period - Rick Nash is hit by Rene Bourque and loses puck.
10:12 of 2nd period - Snap shot by Joe Thornton.
10:12 of 2nd period - Shot Misses the Net.
10:16 of 2nd period - Wrist shot by Rick Nash.
10:16 of 2nd period - Stopped by Kari Lehtonen without a rebound.
10:17 of 2nd period - Steven Stamkos wins face-off versus Henrik Sedin in Blues zone.
10:48 of 2nd period - Slapshot by Jordan Szwarz.
10:48 of 2nd period - Deflect By Henrik Sedin.
10:48 of 2nd period - Stopped by Jimmy Howard with a rebound.
10:50 of 2nd period - Wrist shot by Jamie McGinn.
10:50 of 2nd period - Stopped by Jimmy Howard without a rebound.
10:51 of 2nd period - Steven Stamkos wins face-off versus Joe Thornton in Stars zone.
11:00 of 2nd period - Backhand shot by Steven Stamkos.
11:00 of 2nd period - Shot Blocked by John Klingberg.
11:04 of 2nd period - Wrist shot by Cam Atkinson.
11:04 of 2nd period - Shot Hit the Post.
11:06 of 2nd period - Backhand shot by Trevor Daley.
11:06 of 2nd period - Stopped by Jimmy Howard with a rebound.
11:16 of 2nd period - Clarke MacArthur is hit by John Klingberg and loses puck.
11:25 of 2nd period - Snap shot by Clarke MacArthur.
11:25 of 2nd period - Shot Misses the Net.
12:25 of 2nd period - Wrist shot by Joe Thornton.
12:25 of 2nd period - Shot Blocked by Trevor Daley.
12:33 of 2nd period - Snap shot by Jordan Schroeder.
12:33 of 2nd period - Stopped by Jimmy Howard with a rebound.
12:35 of 2nd period - Slapshot by Mike Green.
12:35 of 2nd period - Shot Blocked by Adam Pelech.
12:45 of 2nd period - Rene Bourque is hit by Richard Panik.
13:11 of 2nd period - Backhand shot by J.T. Compher.
13:11 of 2nd period - Stopped by Kari Lehtonen with a rebound.
14:13 of 2nd period - Slapshot by Lee Stempniak.
14:13 of 2nd period - Stopped by Kari Lehtonen without a rebound.
14:14 of 2nd period - Steven Stamkos wins face-off versus Henrik Sedin in Blues zone.
14:14 of 2nd period - Steven Stamkos is hit by Greg Pateryn.
14:40 of 2nd period - Clarke MacArthur is hit by Alexander Radulov.
14:52 of 2nd period - Snap shot by Joe Thornton.
14:52 of 2nd period - Shot Misses the Net.
15:04 of 2nd period - Kevin Porter is hit by Richard Panik and loses puck.
15:29 of 2nd period - Slapshot by Mike Green.
15:29 of 2nd period - Stopped by Jimmy Howard without a rebound.
15:30 of 2nd period - Steven Stamkos wins face-off versus Joe Thornton in Stars zone.
16:07 of 2nd period - Slapshot by Steven Stamkos.
16:07 of 2nd period - Stopped by Jimmy Howard with a rebound.
16:09 of 2nd period - Snap shot by Steven Stamkos.
16:09 of 2nd period - Shot Misses the Net.
16:11 of 2nd period - Snap shot by Cam Atkinson.
16:11 of 2nd period - Stopped by Jimmy Howard with a rebound.
16:13 of 2nd period - Slapshot by Trevor Daley.
16:13 of 2nd period - Deflect By Steven Stamkos.
16:13 of 2nd period - Shot Misses the Net.
16:13 of 2nd period - Puck is out of play.
16:14 of 2nd period - Alexander Radulov wins face-off versus Melker Karlsson in Stars zone.
16:14 of 2nd period - Alexander Radulov is hit by Brenden Dillon.
16:22 of 2nd period - Rick Nash is hit by Rene Bourque and loses puck.
16:41 of 2nd period - Brian Gionta is hit by Kevin Porter.
17:13 of 2nd period - Snap shot by Gabriel Dumont.
17:13 of 2nd period - Shot Misses the Net.
17:38 of 2nd period - Slapshot by Lee Stempniak.
17:38 of 2nd period - Stopped by Kari Lehtonen with a rebound.
18:01 of 2nd period - Off-side.
18:02 of 2nd period - Henrik Sedin wins face-off versus Kevin Porter in neutral zone.
18:31 of 2nd period - Icing by Brian Gionta.
18:32 of 2nd period - Steven Stamkos wins face-off versus Henrik Sedin in Stars zone.
18:45 of 2nd period - Icing by Brian Gionta.
18:46 of 2nd period - Steven Stamkos wins face-off versus Henrik Sedin in Stars zone.
18:49 of 2nd period - Snap shot by Cam Atkinson.
18:49 of 2nd period - Shot Misses the Net.
18:51 of 2nd period - Slapshot by Mike Green.
18:51 of 2nd period - Stopped by Jimmy Howard without a rebound.
18:52 of 2nd period - Steven Stamkos wins face-off versus Joe Thornton in Stars zone.
18:53 of 2nd period - Snap shot by Cam Atkinson.
18:53 of 2nd period - Shot Misses the Net.
19:03 of 2nd period - Wrist shot by Cam Atkinson.
19:03 of 2nd period - Stopped by Jimmy Howard without a rebound.
19:04 of 2nd period - Joe Thornton wins face-off versus Steven Stamkos in Stars zone.
19:04 of 2nd period - Joe Thornton is hit by Cody Eakin.
19:20 of 2nd period - Snap shot by Cam Atkinson.
19:20 of 2nd period - Stopped by Jimmy Howard with a rebound.
19:30 of 2nd period - Melker Karlsson is hit by Henrik Sedin and loses puck.
19:49 of 2nd period - Snap shot by Gabriel Dumont.
19:49 of 2nd period - Shot Blocked by John Klingberg.
Goals for this period are 0 for Stars vs 0 for Blues.
Shots for this period are 8 for Stars vs 14 for Blues.

3rd period


0:01 of 3rd period - Joe Thornton wins face-off versus Cam Atkinson in neutral zone.
0:16 of 3rd period - Snap shot by Cam Atkinson.
0:16 of 3rd period - Stopped by Jimmy Howard with a rebound.
0:26 of 3rd period - Henrik Sedin is hit by Clarke MacArthur and loses puck.
0:35 of 3rd period - Wrist shot by Clarke MacArthur.
0:35 of 3rd period - Shot Blocked by John Klingberg.
1:09 of 3rd period - Wrist shot by Gabriel Dumont.
1:09 of 3rd period - Shot Blocked by Patrick Wiercioch.
1:11 of 3rd period - Wrist shot by Nate Thompson.
1:11 of 3rd period - Shot Misses the Net.
1:13 of 3rd period - Snap shot by Jordan Schroeder.
1:13 of 3rd period - Stopped by Jimmy Howard with a rebound.
1:15 of 3rd period - Snap shot by Jordan Schroeder.
1:15 of 3rd period - Shot Blocked by Scottie Upshall.
1:34 of 3rd period - Snap shot by Alexander Radulov.
1:34 of 3rd period - Stopped by Kari Lehtonen without a rebound.
1:35 of 3rd period - Joe Thornton wins face-off versus Melker Karlsson in Blues zone.
2:24 of 3rd period - Snap shot by Jamie McGinn.
2:24 of 3rd period - Stopped by Jimmy Howard without a rebound.
2:25 of 3rd period - Kevin Porter wins face-off versus Jay Beagle in Stars zone.
2:26 of 3rd period - Wrist shot by Jamie McGinn.
2:26 of 3rd period - Shot Misses the Net.
2:31 of 3rd period - Minor Penalty to Jordan Szwarz for Boarding.
2:32 of 3rd period - Steven Stamkos wins face-off versus Joe Thornton in Blues zone.
2:42 of 3rd period - Steven Stamkos is hit by Stephen Johns and loses puck.
2:49 of 3rd period - Minor Penalty to Joe Thornton for Roughing.
2:50 of 3rd period - Steven Stamkos wins face-off versus Jiri Hudler in Stars zone.
2:55 of 3rd period - Wrist shot by Steven Stamkos.
2:55 of 3rd period - Shot Misses the Net.
2:57 of 3rd period - Snap shot by Cam Atkinson.
2:57 of 3rd period - Stopped by Jimmy Howard without a rebound.
2:58 of 3rd period - Steven Stamkos wins face-off versus Jiri Hudler in Stars zone.
3:05 of 3rd period - Slapshot by Cam Atkinson.
3:05 of 3rd period - Shot Misses the Net.
3:07 of 3rd period - Wrist shot by Steven Stamkos.
3:07 of 3rd period - Shot Misses the Net.
3:40 of 3rd period - Wrist shot by Steven Stamkos.
3:40 of 3rd period - Stopped by Jimmy Howard without a rebound.
3:41 of 3rd period - Craig Cunningham wins face-off versus Steven Stamkos in Stars zone.
3:56 of 3rd period - Wrist shot by Cody Eakin.
3:56 of 3rd period - Shot Blocked by Greg Pateryn.
3:58 of 3rd period - Slapshot by Dan Girardi.
3:58 of 3rd period - Stopped by Jimmy Howard without a rebound.
3:59 of 3rd period - Jiri Hudler wins face-off versus Steven Stamkos in Stars zone.
3:59 of 3rd period - Jiri Hudler is hit by Trevor Daley.
4:31 of 3rd period - Penalty to Jordan Szwarz is over, Jordan Szwarz is back on ice.
4:49 of 3rd period - Penalty to Joe Thornton is over, Joe Thornton is back on ice.
4:57 of 3rd period - Wrist shot by Cody Eakin.
4:57 of 3rd period - Stopped by Jimmy Howard without a rebound.
4:58 of 3rd period - Gabriel Dumont wins face-off versus Henrik Sedin in Stars zone.
5:11 of 3rd period - Snap shot by Henrik Sedin.
5:11 of 3rd period - Stopped by Kari Lehtonen with a rebound.
5:13 of 3rd period - Slapshot by Patrick Wiercioch.
5:13 of 3rd period - Shot Blocked by Trevor Daley.
5:15 of 3rd period - Snap shot by Brian Gionta.
5:15 of 3rd period - Stopped by Kari Lehtonen with a rebound.
5:24 of 3rd period - Icing by Mike Green.
5:25 of 3rd period - Kevin Porter wins face-off versus Joe Thornton in Blues zone.
5:52 of 3rd period - Jordan Szwarz is hit by Jay Beagle and loses puck.
5:57 of 3rd period - Slapshot by John Klingberg.
5:57 of 3rd period - Stopped by Kari Lehtonen without a rebound.
5:58 of 3rd period - Steven Stamkos wins face-off versus Jay Beagle in Blues zone.
6:17 of 3rd period - Slapshot by John Klingberg.
6:17 of 3rd period - Shot Blocked by Rene Bourque.
6:19 of 3rd period - Wrist shot by Jay Beagle.
6:19 of 3rd period - Shot Blocked by Dan Girardi.
6:21 of 3rd period - Wrist shot by Richard Panik.
6:21 of 3rd period - Shot Misses the Net.
6:23 of 3rd period - Wrist shot by Jay Beagle.
6:23 of 3rd period - Stopped by Kari Lehtonen with a rebound.
6:25 of 3rd period - Wrist shot by Richard Panik.
6:25 of 3rd period - Stopped by Kari Lehtonen without a rebound.
6:26 of 3rd period - Steven Stamkos wins face-off versus Rick Nash in Blues zone.
6:28 of 3rd period - Minor Penalty to Cody Eakin for Roughing.
6:29 of 3rd period - Steven Stamkos wins face-off versus Joe Thornton in Blues zone.
7:21 of 3rd period - Patrick Wiercioch is hit by Kevin Porter and loses puck.
7:28 of 3rd period - Joe Thornton is hit by Brenden Dillon and loses puck.
8:04 of 3rd period - Henrik Sedin is hit by Clarke MacArthur and loses puck.
8:28 of 3rd period - Penalty to Cody Eakin is over, Cody Eakin is back on ice.
8:37 of 3rd period - Wrist shot by J.T. Compher.
8:37 of 3rd period - Deflect By Bryan Rust.
8:37 of 3rd period - Stopped by Kari Lehtonen without a rebound.
8:38 of 3rd period - Gabriel Dumont wins face-off versus J.T. Compher in Blues zone.
8:38 of 3rd period - Gabriel Dumont is hit by Rob Scuderi.
10:25 of 3rd period - Minor Penalty to Richard Panik for Hooking.
10:26 of 3rd period - Steven Stamkos wins face-off versus Joe Thornton in Stars zone.
10:29 of 3rd period - Snap shot by Cam Atkinson.
10:29 of 3rd period - Stopped by Jimmy Howard with a rebound.
10:31 of 3rd period - Snap shot by Cody Eakin.
10:31 of 3rd period - Shot Misses the Net.
10:33 of 3rd period - Wrist shot by Cody Eakin.
10:33 of 3rd period - Stopped by Jimmy Howard with a rebound.
10:35 of 3rd period - Snap shot by Trevor Daley.
10:35 of 3rd period - Shot Blocked by Rick Nash.
10:37 of 3rd period - Snap shot by Trevor Daley.
10:37 of 3rd period - Stopped by Jimmy Howard with a rebound.
10:51 of 3rd period - Joe Thornton is hit by Rene Bourque.
11:13 of 3rd period - Slapshot by Patrick Wiercioch.
11:13 of 3rd period - Stopped by Kari Lehtonen without a rebound.
11:14 of 3rd period - Alexander Radulov wins face-off versus Steven Stamkos in Blues zone.
11:17 of 3rd period - Wrist shot by Henrik Sedin.
11:17 of 3rd period - Shot Blocked by Cam Atkinson.
11:25 of 3rd period - Snap shot by Steven Stamkos.
11:25 of 3rd period - Shot Blocked by Alexander Radulov.
12:25 of 3rd period - Penalty to Richard Panik is over, Richard Panik is back on ice.
12:52 of 3rd period - Snap shot by Henrik Sedin.
12:52 of 3rd period - Shot Blocked by Dan Girardi.
12:58 of 3rd period - Slapshot by Alexander Radulov.
12:58 of 3rd period - Stopped by Kari Lehtonen with a rebound.
13:00 of 3rd period - Slapshot by Patrick Wiercioch.
13:00 of 3rd period - Shot Misses the Net.
13:02 of 3rd period - Slapshot by Greg Pateryn.
13:02 of 3rd period - Shot Blocked by Kevin Porter.
13:04 of 3rd period - Slapshot by Patrick Wiercioch.
13:04 of 3rd period - Deflect By Jamie McGinn.
13:04 of 3rd period - Stopped by Kari Lehtonen without a rebound.
13:05 of 3rd period - Melker Karlsson wins face-off versus Scottie Upshall in Blues zone.
13:19 of 3rd period - Off-side.
13:20 of 3rd period - Cam Atkinson wins face-off versus J.T. Compher in neutral zone.
13:50 of 3rd period - Wrist shot by Mike Green.
13:50 of 3rd period - Deflect By Jordan Szwarz.
13:50 of 3rd period - Shot Blocked by Adam Pelech.
13:50 of 3rd period - Puck is out of play.
13:51 of 3rd period - Kevin Porter wins face-off versus Jay Beagle in Stars zone.
14:05 of 3rd period - Wrist shot by Jay Beagle.
14:05 of 3rd period - Stopped by Kari Lehtonen with a rebound.
14:22 of 3rd period - Snap shot by Lee Stempniak.
14:22 of 3rd period - Stopped by Kari Lehtonen without a rebound.
14:23 of 3rd period - Steven Stamkos wins face-off versus Joe Thornton in Blues zone.
14:32 of 3rd period - John Klingberg is hit by Steven Stamkos and loses puck.
15:07 of 3rd period - Cody Eakin is hit by Patrick Wiercioch and loses puck.
15:35 of 3rd period - Wrist shot by Henrik Sedin.
15:35 of 3rd period - Shot Misses the Net.
15:53 of 3rd period - Snap shot by Cam Atkinson.
15:53 of 3rd period - Stopped by Jimmy Howard with a rebound.
15:55 of 3rd period - Snap shot by Cody Eakin.
15:55 of 3rd period - Stopped by Jimmy Howard without a rebound.
15:56 of 3rd period - Melker Karlsson wins face-off versus Joe Thornton in Stars zone.
16:12 of 3rd period - Off-side.
16:13 of 3rd period - Jay Beagle wins face-off versus Melker Karlsson in neutral zone.
16:36 of 3rd period - Wrist shot by Jordan Schroeder.
16:36 of 3rd period - Stopped by Jimmy Howard without a rebound.
16:37 of 3rd period - Gabriel Dumont wins face-off versus Alexander Radulov in Stars zone.
17:02 of 3rd period - Jay Beagle is hit by Jordan Oesterle and loses puck.
17:29 of 3rd period - Kevin Porter is hit by Mikko Rantanen and loses puck.
17:36 of 3rd period - Wrist shot by Henrik Sedin.
17:36 of 3rd period - Stopped by Kari Lehtonen with a rebound.
18:00 of 3rd period - Snap shot by J.T. Compher.
18:00 of 3rd period - Deflect By Scottie Upshall.
18:00 of 3rd period - Shot Blocked by Dan Girardi.
18:00 of 3rd period - Puck is out of play.
18:01 of 3rd period - Melker Karlsson wins face-off versus J.T. Compher in Blues zone.
18:06 of 3rd period - Snap shot by J.T. Compher.
18:06 of 3rd period - Shot Misses the Net.
18:08 of 3rd period - Slapshot by Scottie Upshall.
18:08 of 3rd period - Stopped by Kari Lehtonen without a rebound.
18:09 of 3rd period - Steven Stamkos wins face-off versus Joe Thornton in Blues zone.
18:09 of 3rd period - Steven Stamkos is hit by Joe Thornton.
19:44 of 3rd period - Lee Stempniak is hit by Kevin Porter and loses puck.
Goals for this period are 0 for Stars vs 0 for Blues.
Shots for this period are 14 for Stars vs 13 for Blues.

Overtime #1


0:01 of 1st overtime period - Steven Stamkos wins face-off versus Joe Thornton in neutral zone.
0:06 of 1st overtime period - Slapshot by Mike Green.
0:06 of 1st overtime period - Stopped by Jimmy Howard with a rebound.
0:16 of 1st overtime period - Wrist shot by Rick Nash.
0:16 of 1st overtime period - Stopped by Kari Lehtonen without a rebound.
0:17 of 1st overtime period - Steven Stamkos wins face-off versus Joe Thornton in Blues zone.
0:42 of 1st overtime period - Rick Nash is hit by Trevor Daley and loses puck.
0:49 of 1st overtime period - Wrist shot by Rick Nash.
0:49 of 1st overtime period - Goal by Rick Nash - Stars : 2 - Blues : 1.
Goals for this period are 1 for Stars vs 0 for Blues.
Shots for this period are 2 for Stars vs 1 for Blues.